 Dungeon Crawl Stone Soup version 0.26-a0-689-gc93c913f66 (webtiles) character file.

Game seed: 5927970549194804512

33 Kinoniko the Vandal (level 3, -1/24 HPs)
             Began as a Halfling Hunter on Oct 23, 2020.
             Slain by Sigmund
             ... wielding a +0 scythe
              (14 damage)
             ... on level 2 of the Dungeon.
             The game lasted 00:01:40 (1015 turns).

Kinoniko the Vandal (Halfling Hunter)               Turns: 1015, Time: 00:01:41

Health: -1/24      AC:  3    Str: 14    XL:     3   Next: 47%
Magic:  3/3        EV: 15    Int:  9    God:
Gold:   40         SH:  0    Dex: 14    Spells: 2/2 levels left

rFire    . . .     SeeInvis .   a - +1 hunting sling
rCold    . . .     Faith    .   (shield restricted)
rNeg     . . .     Spirit   .   c - +0 leather armour
rPois    .         Reflect  .   (no helmet)
rElec    .         Harm     .   (no cloak)
rCorr    .         Rampage  .   (no gloves)
MR       .....                  (no boots)
Stlth    +.........             (no amulet)
HPRegen  0.08/turn              (no ring)
MPRegen  0.08/turn              (no ring)

@: no status effects
A: small, mutation resistance 1
a: no special abilities


You were on level 2 of the Dungeon.
You visited 1 branch of the dungeon, and saw 2 of its levels.

You collected 40 gold pieces.

Inventory:

Hand Weapons
 a - a +1 hunting sling (weapon)
 b - a +0 short sword
Missiles
 d - 2 sling bullets (quivered)
 e - 143 stones
Armour
 c - a +0 leather armour (worn)
Scrolls
 g - a scroll of blinking {unknown}
 h - a scroll of identify {unknown}
 i - 2 scrolls of fear {unknown}
 k - a scroll of random uselessness {unknown}
Potions
 f - 3 potions of lignification {unknown}
 j - a potion of haste {unknown}


   Skills:
 + Level 2.1 Fighting
 * Level 1.8 Short Blades
 + Level 6.2 Slings
 + Level 2.6 Dodging
 - Level 1.1 Stealth


You had 2 spell levels left.
You didn't know any spells.
Your spell library was empty.

Dungeon Overview and Level Annotations

Branches:
Dungeon (2/15)

Altars:

Annotations:
D:2 Sigmund


Innate Abilities, Weirdness & Mutations

You are small and have problems with some larger weapons.
You are somewhat resistant to further mutation.


Message History

You shoot a sling bullet.
You hear some strange, mumbled words.
Something tries to affect you, but you resist.
Firing (i - inventory. (/) - cycle)
d - 6 sling bullets (quivered)
Press: ? - help, Shift-Dir - straight line You shoot a sling bullet.
Something hits you!
Firing (i - inventory. (/) - cycle)
d - 5 sling bullets (quivered)
Press: ? - help, Shift-Dir - straight line You shoot a sling bullet.
Firing (i - inventory. (/) - cycle)
d - 4 sling bullets (quivered)
Press: ? - help, Shift-Dir - straight line You shoot a sling bullet.
You hear some strange, mumbled words.
A puff of flame appears from out of thin air!
The puff of flame misses you.
Firing (i - inventory. (/) - cycle)
d - 3 sling bullets (quivered)
Press: ? - help, Shift-Dir - straight line You shoot a sling bullet.
Something hits you!
Ouch! That really hurt!
You die...

#........#.# ..
#........#.# # .
####.#####.#
#(##. #.# #.#
.((( #.# #.# #...
#.#####.## #..{#
#.#......#
#....###.#......#
#....@...'.....(#
#?##..##.#......#
##.##.#......#
#..#.#.†....#
##.#.##<...##
.#.#####.# ...#
.# #..# .. ##


There were no monsters in sight!

Vanquished Creatures
  An ooze (D:2)
  A worm (D:1)
  3 giant cockroaches (D:1)
  3 goblins
  5 hobgoblins (D:1)
  3 kobolds (D:1)
  2 ball pythons (D:1)
  3 frilled lizards
  3 rats (D:1)
24 creatures vanquished.

Notes
Turn   | Place    | Note
-------+----------+-------------------------------------------
     0 | D:1      | Kinoniko the Halfling Hunter began the quest for the Orb.
     0 | D:1      | Reached XP level 1. HP: 14/14 MP: 1/1
   138 | D:1      | Reached skill level 6 in Slings
   189 | D:1      | Reached XP level 2. HP: 19/19 MP: 2/2
   467 | D:1      | Reached skill level 1 in Short Blades
   655 | D:1      | Reached XP level 3. HP: 24/24 MP: 3/3
   999 | D:2      | Noticed Sigmund
  1015 | D:2      | Slain by Sigmund

Illustrated notes

Levels and vault maps discovered:
D:1:      minmay_arrival_shattered_statue, layout_basic
D:2:      layout_basic, uniq_sigmund

Skill      XL: |  1  2 |
---------------+-------+-----
Slings         | 6 |  6.2
Short Blades   | 1 |  1.8
Fighting       | 2 |  2.1
Dodging        | |  2.6
Stealth        | |  1.1

Action                   || total
-------------------------++-------
 Fire: Hunting sling     ||    59
Armor: Leather armour    ||     1
Dodge: Dodged            ||     8

Table legend: (Time is in decaauts)
 A = Elapsed time spent in this place.
 B = Non-inter-level travel time spent in this place.
 C = Inter-level travel time spent in this place.
 D = Time resting spent in this place.
 E = Time spent auto-exploring this place.
 F = Levels seen in this place.
 G = Mean time per level.
                   A        B        C        D        E       F      G
               +--------+--------+--------+--------+--------+-----+--------+
         Total |   1010 |    993 |     17 |    100 |    772 |   2 |  505.0 |
       Dungeon |   1010 |    993 |     17 |    100 |    772 |   2 |  505.0 |
               +--------+--------+--------+--------+--------+-----+--------+

Top non-repeatable levels by time:
     D:1: 921 daAuts
     D:2: 89 daAuts
